AoeStats
← 安心

Arena

510718491Analyzed
1v1 RM · 17h ago on Oct 2, 2026· 43m 19s· 2 players
Game mode
Random Map
Map size
Tiny (2 player)
Population
200
Speed
Normal
Resources
Standard
Victory
Conquest
Starting age
Dark Age
Ending age
Imperial Age
RankedLock teamsTeams togetherTeam positionsShared explorationLock speedFull tech treeHidden civsTurbo modeCheats
Victory
Defeat
🇭🇺 Hindustanis · Hungary
1415
+17
🇨🇳 Italians · China
1442
-17
Xan666
10:50 Feudal Age
14:29 Castle Age
12:16 Double-Bit Axe
12:14 Horse Collar
14:46 Light Cavalry
16:59 Loom
20:32 Scale Barding Armor
20:34 Elite Skirmisher
21:48 Town Watch
23:29 Fletching
24:15 Bodkin Arrow
24:55 Redemption
25:25 Padded Archer Armor
27:40 Sanctity
27:58 Ballistics
28:03 Heavy Plow
32:42 Imperial Age
31:36 Scale Mail Armor
31:46 Forging
31:52 Leather Archer Armor
33:25 Wheelbarrow
34:28 Chemistry
33:45 Block Printing
34:12 Bracer
36:29 Ring Archer Armor
37:04 Bloodlines
36:54 Husbandry
36:14 Hussar
37:01 Stone Mining
37:01 Gold Mining
39:46 Town Patrol
39:52 Grand Trunk Road
40:13 Conscription
40:09 Heavy Camel Rider
41:28 Iron Casting
41:17 Chain Barding Armor
42:26 Chain Mail Armor
43:11 Blast Furnace
安心
12:12 Feudal Age
16:08 Castle Age
17:05 Double-Bit Axe
20:14 Imperial Age
17:31 Horse Collar
18:16 Gold Mining
19:22 Ballistics
19:55 Bow Saw
19:40 Fletching
22:02 Chemistry
23:24 Bodkin Arrow
25:09 Padded Archer Armor
27:01 Wheelbarrow
28:10 Leather Archer Armor
29:02 Bracer
31:10 Ring Archer Armor
32:11 Stone Mining
32:50 Heavy Plow
37:36 Loom
39:27 Scale Barding Armor
39:32 Forging
40:11 Bloodlines
40:01 Husbandry
41:26 Chain Barding Armor
41:54 Conscription
41:13 Cavalier
42:50 Plate Barding Armor
43:34 Iron Casting
Connection lost

Rejoining the realm…

Still unreachable

The connection could not be restored.

Session expired

The server has moved on; the page needs a fresh start.